 Dungeon Crawl Stone Soup version 0.22-a0-148-gf2798f9f4d (webtiles) character file.

93 MrRokkomies the Ruffian (level 4, -6/37 (38) HPs)
             Began as a Ghoul Monk on Feb 7, 2018.
             Mangled by Sigmund
             ... wielding a +2 scythe of slicing
              (12 damage)
             ... on level 2 of the Dungeon.
             The game lasted 00:03:36 (1867 turns).

MrRokkomies the Ruffian (Ghoul Monk)                Turns: 1867, Time: 00:03:36

HP:   -6/37 (38)    AC:  6    Str: 15    XL:     4   Next: 61%
MP:   3/3           EV: 10    Int:  5    God:
Gold: 88            SH:  0    Dex: 11    Spells: 3/3 levels left

rFire    . . .     SeeInvis .     - Unarmed
rCold    + . .     Gourm    .   (no shield)
rNeg     + + +     Faith    .   g - +0 scale mail
rPois    ∞         Spirit   .   (no helmet)
rElec    .         Reflect  .   (no cloak)
rCorr    .         Harm     .   (no gloves)
MR       .....                  (no boots)
Stlth    ..........             i - amulet of inaccuracy (curse)
HPRegen  0.00/turn              (no ring)
MPRegen  0.08/turn              (no ring)

@: rotting
A: rotting body, claws 1, carnivore, cold resistance 1, negative energy
resistance 3, inhibited regeneration, torment resistance, unbreathing
a: no special abilities


You were on level 2 of the Dungeon.
You were not hungry.

You visited 1 branch of the dungeon, and saw 2 of its levels.

You collected 88 gold pieces.

Inventory:

Missiles
 a - 44 stones (quivered)
 c - 24 poisoned needles
Armour
 g - a +0 scale mail (worn)
Jewellery
 i - a cursed amulet of inaccuracy (around neck)
Scrolls
 d - a scroll of amnesia
 f - a scroll of identify
Potions
 h - a potion of brilliance
Comestibles
 b - 5 rations


   Skills:
 - Level 3.2 Fighting
 * Level 2.4 Throwing
 - Level 2.6 Dodging
 - Level 2.1 Stealth
 * Level 4.6 Unarmed Combat


You had 3 spell levels left.
You didn't know any spells.

Dungeon Overview and Level Annotations

Branches:
Dungeon (2/15)

Altars:

Annotations:
D:2 Sigmund


Innate Abilities, Weirdness & Mutations

Your body is rotting away.
You thrive on raw meat.
You are immune to poison.
You have sharp fingernails.
You are carnivorous and can eat meat at any time.
Your flesh is cold resistant. (rC+)
You are immune to negative energy. (rN+++)
You do not regenerate when monsters are visible.
You are immune to unholy pain and torment.
You can survive without breathing.


Message History

Throwing (i - inventory. (/) - cycle)
e - 2 steel javelins (quivered)
Press: ? - help, Shift-Dir - straight line You throw a steel javelin.
Throwing (i - inventory. (/) - cycle)
e - a steel javelin (quivered)
Press: ? - help, Shift-Dir - straight line You throw a steel javelin.
Something hits you!
You completely miss something. Something hits you.
You barely miss something. You barely miss something. Something hits you!
* * * LOW HITPOINT WARNING * * *
x2
Okay, then.
Unknown command.
Throwing (i - inventory)
a - 44 stones (quivered)
Press: ? - help, Shift-Dir - straight line
Okay, then.
Unknown command.
You miss something. Something hits you but does no damage.
You closely miss something. You completely miss something. Something hits you!
You die...

......... $ #..
#.#.#.#.#.#.#..###
............#...$
.#.#.#.#.#.#....####
...................
#.#.#.#.#.#.#....#####
.................#...#
.#.#.#.#.#.#.#......##.#
................@$......
#.#.#.#.#.#.#.#..{.###..
.................#(#
.#.#.#.#.#.#.#.#...#
...................(
#.#.#.#.#.#.#.#.....(.
...............#.....(
.#.#.#.#.#.#.#.#......(
...............#


There were no monsters in sight!

Vanquished Creatures
  Terence (D:2)
  3 adders (D:2)
  An ooze (D:2)
  2 dart slugs
  A leopard gecko (D:2)
  3 bats (D:1)
  4 goblins (D:2)
  3 hobgoblins
  4 jackals (D:2)
  6 kobolds
  3 frilled lizards
  A rat (D:2)
32 creatures vanquished.

Notes
Turn   | Place    | Note
-------+----------+-------------------------------------------
     0 | D:1      | MrRokkomies the Ghoul Monk began the quest for the Orb.
     0 | D:1      | Reached XP level 1. HP: 19/19 MP: 0/0
   386 | D:1      | Reached XP level 2. HP: 24/24 MP: 1/1
   486 | D:1      | Reached skill level 1 in Throwing
   903 | D:2      | Reached XP level 3. HP: 20/28 MP: 2/2
   908 | D:2      | Reached skill level 4 in Unarmed Combat
  1096 | D:2      | Noticed Terence
  1120 | D:2      | HP: 1/31 [Terence/morningstar (9)]
  1121 | D:2      | Killed Terence
  1121 | D:2      | Reached XP level 4. HP: 2/38 MP: 3/3
  1851 | D:2      | Noticed Sigmund
  1867 | D:2      | Mangled by Sigmund

Vault maps used:
D:1:      tarquinn_simple_flora_water_c
D:2:      first_ration, hex_large, corner_web_ring, uniq_terence, uniq_sigmund

Skill      XL: |  1  2  3 |
---------------+----------+-----
Throwing       | 1 2 |  2.4
Unarmed Combat | 4 |  4.6
Fighting       | |  3.2
Dodging        | |  2.6
Stealth        | |  2.1

Action                   |  1- 3 |  4- 6 || total
-------------------------+-------+-------++-------
Melee: Unarmed           |    93 |    67 ||   160
       Punch             |     1 |     2 ||     3
Throw: Javelin           |     4 |     9 ||    13
  Use: Scroll            |     5 |       ||     5
  Eat: Chunk             |     3 |     4 ||     7
Armor: Ring mail         |     4 |       ||     4
       Scale mail        |    26 |    20 ||    46
Dodge: Dodged            |    46 |    24 ||    70

Table legend:
 A = Spawn XP
 B = Non-spawn XP
 C = Spawn XP percentage of total XP
 D = Spawn monster count
 E = Non-spawn monster count
 F = Spawn count percentage of total count
 G = Total turns spent on level
                    A         B        C        D         E        F      G
               +---------+---------+-------+---------+---------+-------+---------
         Total |       0 |     133 |   0.0 |       0 |      32 |   0.0 |  1867
               +---------+---------+-------+---------+---------+-------+---------
           D:1 |       0 |      19 |   0.0 |       0 |      10 |   0.0 |   870
           D:2 |       0 |     114 |   0.0 |       0 |      22 |   0.0 |   997
               +---------+---------+-------+---------+---------+-------+---------
